[Event "Titled Tuesday Blitz July 4 Early 2023"]
[White "Kononenko, Dmitry"]
[Black "Rahman, Masruri"]
[WhiteFideId "14113538"]
[BlackFideId "7101163"]
[WhiteElo "2631"]
[BlackElo "2843"]
[Result "0-1"]
[Round "10"]
[TimeControl "180+2"]
[Date "2023.07.04"]
[WhiteClock "0:00:13"]
[BlackClock "0:00:13"]
[Board "27"]

1. d4 e6 2. c4 Nf6 3. g3 Bb4+ 4. Bd2 Qe7 5. Bg2 O-O 6. Nf3 Bxd2+ 7. Nfxd2 d6 8. O-O e5 9. e3 Nc6 10. Nb3 a5 11. Nc3 a4 12. Nc1 a3 13. b3 Bg4 14. Qd2 e4 15. N1e2 Bf3 16. Nf4 Qd7 17. Nfd5 Nxd5 18. cxd5 Ne7 19. Nxe4 Bxg2 20. Kxg2 Nxd5 21. Rac1 h5 22. h4 Rae8 23. Nc3 Nf6 24. Ne2 g5 25. Qa5 c5 26. hxg5 Ne4 27. dxc5 Nxg5 28. Nf4 Qc6+ 29. f3 d5 30. Qd2 Re5 31. Nxh5 Rfe8 32. Rfe1 d4 33. e4 Nxf3 34. Kxf3 Rxh5 35. Qxd4 Rhe5 36. Rc2 f5 37. Kg2 Rxe4 38. Rxe4 Rxe4 39. Qd6 Re2+ 40. Kh3 Qxd6 41. Kh4 Rxc2 42. cxd6 Rd2 43. d7 Rxd7 44. Kg5 Rd2 45. Kxf5 Rxa2 46. g4 Rb2 47. g5 a2 48. Ke6 a1=Q 49. Kd7 Rxb3 50. Kc7 Qe5+ 51. Kc8 b5 52. Kb7 Rc3 53. Ka6 Qd6+ 54. Ka5 Ra3+ 55. Kxb5 Rb3+ 56. Kc4 Rb4+ 57. Kc3 Qd4+ 58. Kc2 Rb2+ 59. Kc1 Qd2# 0-1


[Site "https://www.chess.com"]

[Event "Titled Tuesday Blitz July 4 Early 2023"]
[White "Bharath Subramaniyam H"]
[Black "Fisher_TheGalactic"]
[WhiteFideId "46634827"]
[WhiteElo "2818"]
[BlackElo "2626"]
[Result "0-1"]
[Round "10"]
[TimeControl "180+2"]
[Date "2023.07.04"]
[WhiteClock "0:00:00"]
[BlackClock "0:00:18"]
[Board "28"]

1. b3 b6 2. Bb2 Bb7 3. c4 e6 4. Nf3 Nf6 5. g3 Be7 6. Bg2 O-O 7. O-O d5 8. d4 dxc4 9. bxc4 c5 10. e3 Nc6 11. Nbd2 Rc8 12. Rc1 cxd4 13. exd4 Na5 14. Qe2 Ba6 15. Ne5 Nd7 16. Rfd1 Nxe5 17. dxe5 Qe8 18. Qg4 Qa4 19. Ne4 Rxc4 20. Rxc4 Bxc4 21. Nf6+ Kh8 22. Rd7 Qb4 23. h4 Qxb2 24. Rxe7 gxf6 25. Qf4 Qxe5 26. Qh6 Kg8 27. Rd7 Bd5 28. Bxd5 exd5 29. Rxa7 Nc4 30. a4 Nd6 31. Ra6 Qe1+ 32. Kg2 Qe4+ 33. Kg1 Qd4 34. Ra7 Ne4 35. Qf4 Qe5 36. Qg4+ Kh8 37. Rd7 Qe6 0-1


[Site "https://www.chess.com"]

[Event "Titled Tuesday Blitz July 4 Early 2023"]
[White "Stribuk, Artiom"]
[Black "Lana Rodriguez, David"]
[WhiteFideId "13515659"]
[BlackFideId "2270803"]
[WhiteElo "2808"]
[BlackElo "2625"]
[Result "1-0"]
[Round "10"]
[TimeControl "180+2"]
[Date "2023.07.04"]
[WhiteClock "0:00:06"]
[BlackClock "0:00:03"]
[Board "29"]

1. d4 e5 2. dxe5 d6 3. Nf3 Nc6 4. Bg5 f6 5. exf6 gxf6 6. Bf4 Bg4 7. e3 Qd7 8. Nbd2 O-O-O 9. Be2 h5 10. h3 Bf5 11. c3 Bh6 12. Bxh6 Nxh6 13. Nd4 Nxd4 14. cxd4 h4 15. Rc1 Kb8 16. Qb3 Be6 17. d5 Bf5 18. Nc4 Ka8 19. Na5 Rb8 20. Bb5 Qf7 21. Nc6 Bd7 22. Nxa7 Kxa7 23. Qa4+ Kb6 24. Bxd7 Qxd5 25. O-O c5 26. Rfd1 Qe5 27. b4 Kc7 28. bxc5 dxc5 29. Bb5 Rhd8 30. Qxh4 Nf5 31. Qh7+ Ne7 32. Be2 Rxd1+ 33. Rxd1 Rd8 34. Rxd8 Kxd8 35. Qd3+ Kc7 36. Qc2 Nc6 37. g3 Nb4 38. Qh7+ Kb6 39. Bf3 Nc6 40. h4 c4 41. h5 c3 42. h6 Qg5 43. Qb1+ Kc5 44. h7 Qh6 45. Be2 Nb4 46. a3 Nd5 47. Qd3 b6 48. Qd4+ Kd6 49. e4 c2 50. Qxd5+ Ke7 51. Qb7+ Ke6 52. Qc8+ Ke5 53. Qc3+ Kxe4 54. Qxc2+ Kd4 55. Qd3+ Ke5 56. Qe3+ Qxe3 57. fxe3 1-0


[Site "https://www.chess.com"]

[Event "Titled Tuesday Blitz July 4 Early 2023"]
[White "Nefedov, Sergey"]
[Black "Lin, Dachey"]
[WhiteFideId "24113417"]
[BlackFideId "2029650"]
[WhiteElo "2607"]
[BlackElo "2800"]
[Result "0-1"]
[Round "10"]
[TimeControl "180+2"]
[Date "2023.07.04"]
[WhiteClock "0:00:01"]
[BlackClock "0:00:29"]
[Board "30"]

1. d4 g6 2. Nf3 Bg7 3. c3 d5 4. Bf4 Nf6 5. e3 O-O 6. Nbd2 c5 7. Be2 Qb6 8. Qb3 c4 9. Qxb6 axb6 10. a3 b5 11. Rc1 Nfd7 12. e4 dxe4 13. Nxe4 Nb6 14. Bd1 Bf5 15. Ng3 Bd3 16. Bc2 Bxc2 17. Rxc2 Nc6 18. O-O f6 19. Re1 Rfe8 20. Rce2 Kf7 21. Ne4 Na4 22. Bc1 Rad8 23. h4 Rd5 24. g4 h5 25. g5 f5 26. Ned2 e5 27. dxe5 Nc5 28. Nf1 Nd3 29. e6+ Kf8 30. Rd1 Rd6 31. Ne1 Nf4 32. Red2 Rdxe6 33. Rd7 Rxe1 34. Bxf4 R1e2 35. Rxb7 Be5 36. Bxe5 Nxe5 37. Ne3 Nd3 38. Nd5 R8e4 39. f3 Rxh4 40. Nf6 Rh3 41. Rd7 Rg3+ 42. Kh1 Re7 43. Rxe7 Kxe7 44. b3 h4 45. bxc4 Nf2+ 46. Kh2 Nxd1 47. cxb5 Nxc3 48. b6 Kd6 49. b7 Kc7 50. Nd7 Kxb7 51. Ne5 Rxg5 52. Kh3 Rg1 53. Kxh4 Nd5 54. a4 Nf4 55. a5 g5# 0-1


[Site "https://www.chess.com"]

[Event "Titled Tuesday Blitz July 4 Early 2023"]
[White "Hambleton, Aman"]
[Black "Domingo Nunez, Ruben"]
[WhiteFideId "2606577"]
[BlackFideId "22245570"]
[WhiteElo "2777"]
[BlackElo "2625"]
[Result "1-0"]
[Round "10"]
[TimeControl "180+2"]
[Date "2023.07.04"]
[WhiteClock "0:00:08"]
[BlackClock "0:00:17"]
[Board "31"]

1. d4 g6 2. c4 Bg7 3. e4 d6 4. Nc3 Nd7 5. Be3 e5 6. Nge2 exd4 7. Nxd4 Ngf6 8. f3 O-O 9. Qd2 Re8 10. Rd1 Nc5 11. Be2 Ne6 12. Nc2 a6 13. O-O Bd7 14. a3 Nh5 15. Rfe1 Be5 16. Bf1 Rb8 17. g3 b5 18. cxb5 axb5 19. f4 Bg7 20. Bg2 Nf6 21. h3 Qc8 22. e5 Nh5 23. Bf2 Rd8 24. exd6 cxd6 25. Nb4 Qc4 26. Ncd5 Kh8 27. Kh2 Nc5 28. Re3 Bf5 29. Rc1 Nb3 30. Rxc4 Nxd2 31. Rc7 Nc4 32. Ree7 Be6 33. g4 Bf8 34. gxh5 Bxe7 35. Nxe7 Kg7 36. Bd4+ Kf8 37. h6 Rd7 38. Bg7+ Kxe7 39. Nc6+ Ke8 40. Rxd7 Bxd7 41. Nxb8 Ne3 42. Nxd7 Kxd7 43. b3 Nf5 44. a4 bxa4 45. bxa4 Kc7 46. Bd5 Ne3 47. Bxf7 Nf1+ 48. Kg1 Ne3 49. Bg8 Nf5 50. Bxh7 Nxh6 51. Bxh6 d5 52. Bxg6 d4 53. Bd3 Kb6 54. Bg7 Kc5 55. Be5 Kb4 56. h4 Kb3 57. h5 Ka2 58. h6 Ka3 59. h7 Ka2 60. h8=Q Ka3 61. Qb8 Ka2 62. a5 Ka1 63. a6 Ka2 64. a7 Ka1 65. a8=Q# 1-0


[Site "https://www.chess.com"]

[Event "Titled Tuesday Blitz July 4 Early 2023"]
[White "Dvirnyy, Danyyil"]
[Black "Fantastic_Power"]
[WhiteFideId "817570"]
[WhiteElo "2757"]
[BlackElo "2593"]
[Result "0-1"]
[Round "10"]
[TimeControl "180+2"]
[Date "2023.07.04"]
[WhiteClock "0:00:00"]
[BlackClock "0:00:11"]
[Board "32"]

1. Nf3 c5 2. e3 Nf6 3. b3 e6 4. Bb2 Be7 5. g3 O-O 6. Bg2 d5 7. O-O Nc6 8. c4 d4 9. exd4 cxd4 10. d3 e5 11. Re1 Nd7 12. Na3 f6 13. Nc2 Nc5 14. Nh4 g5 15. Bd5+ Kg7 16. Nf3 Bf5 17. Ba3 Bxd3 18. Bxc5 Bxc2 19. Qxc2 Bxc5 20. Be4 d3 21. Qxd3 Qxd3 22. Bxd3 Rad8 23. Be4 Rd7 24. Rad1 Rfd8 25. Rxd7+ Rxd7 26. Kf1 Bb4 27. Rc1 Ba3 28. Re1 Bb4 29. Ra1 Ba3 30. h3 Ne7 31. Ke2 f5 32. Nxe5 Rc7 33. Rd1 fxe4 34. Ke3 Bc5+ 35. Kxe4 Bxf2 36. g4 Ng6 37. Nxg6 Kxg6 38. Rd6+ Kg7 0-1


[Site "https://www.chess.com"]

[Event "Titled Tuesday Blitz July 4 Early 2023"]
[White "Bauman_Guy"]
[Black "Zavgorodniy, Sergiy"]
[BlackFideId "14110148"]
[WhiteElo "2748"]
[BlackElo "2575"]
[Result "0-1"]
[Round "10"]
[TimeControl "180+2"]
[Date "2023.07.04"]
[WhiteClock "0:00:19"]
[BlackClock "0:00:11"]
[Board "33"]

1. e4 e5 2. Nf3 d6 3. d4 exd4 4. Nxd4 Nf6 5. Nc3 Be7 6. g3 Bg4 7. f3 Bd7 8. Bg2 c5 9. Nde2 Bc6 10. O-O O-O 11. Nf4 Nbd7 12. a4 a6 13. a5 b5 14. axb6 Nxb6 15. b3 d5 16. e5 Ne8 17. Re1 Nc7 18. Bb2 d4 19. Ne4 Nbd5 20. Nd3 Ne3 21. Qd2 Nxg2 22. Kxg2 Ne6 23. Ba3 Qd5 24. Qe2 Rae8 25. h4 f5 26. Nd2 f4 27. g4 Bxh4 28. Rh1 Bd8 29. Rh5 h6 30. Ne4 Be7 31. Rf5 c4 32. bxc4 Qxc4 33. Bxe7 Rxe7 34. Rxf8+ Nxf8 35. Nxf4 Qxe2+ 36. Nxe2 Bxe4 37. fxe4 Rxe5 38. Kf3 Ne6 39. Ng3 a5 40. Rb1 Rc5 41. Rb6 Ng5+ 42. Kf4 Rxc2 43. Nf5 Rf2+ 44. Ke5 Nf3+ 45. Kf4 d3 46. Rb8+ Kh7 47. Rb7 d2 48. Ne3 Ng5+ 49. Ke5 Re2 50. Nf5 d1=Q 51. Rxg7+ Kh8 52. Kf6 Qd8+ 53. Kg6 Qe8+ 54. Kxh6 Nf7+ 55. Kh5 Rh2+ 56. Kg6 Nd6+ 57. Kf6 Nxe4# 0-1


[Site "https://www.chess.com"]

[Event "Titled Tuesday Blitz July 4 Early 2023"]
[White "Degenbaev, Aziz"]
[Black "Goryachkina, Aleksandra"]
[WhiteFideId "13802640"]
[BlackFideId "4147103"]
[WhiteElo "2581"]
[BlackElo "2724"]
[Result "0-1"]
[Round "10"]
[TimeControl "180+2"]
[Date "2023.07.04"]
[WhiteClock "0:00:01"]
[BlackClock "0:00:03"]
[Board "34"]

1. d4 Nf6 2. c4 e6 3. Nf3 d5 4. g3 Bb4+ 5. Bd2 a5 6. Qc2 O-O 7. Bg2 Be7 8. O-O Nbd7 9. Rd1 c6 10. Na3 Ne4 11. Rac1 Bd6 12. Nb1 f5 13. Nc3 Qf6 14. Bf4 Bxf4 15. gxf4 Qh6 16. e3 Ndf6 17. a3 Bd7 18. b4 axb4 19. axb4 Be8 20. Ne5 Bh5 21. Re1 Kh8 22. Ra1 g5 23. Rxa8 Rxa8 24. Ne2 Qg7 25. f3 Nd6 26. c5 Nf7 27. Nxf7+ Bxf7 28. fxg5 Qxg5 29. Nf4 Rg8 30. Qf2 Nh5 31. Nxh5 Bxh5 32. Kh1 Ra8 33. e4 f4 34. exd5 exd5 35. Re5 Qg6 36. Qe1 Qf7 37. Re7 Qf6 38. Re5 Bg6 39. Bh3 Kg7 40. Re7+ Kh6 41. Re5 Ra2 42. Bg4 Rb2 43. Qf2 Rxf2 0-1


[Site "https://www.chess.com"]

[Event "Titled Tuesday Blitz July 4 Early 2023"]
[White "Bruedigam, Martin"]
[Black "Amilal Munkhdalai"]
[WhiteFideId "24608033"]
[BlackFideId "4903250"]
[WhiteElo "2568"]
[BlackElo "2702"]
[Result "0-1"]
[Round "10"]
[TimeControl "180+2"]
[Date "2023.07.04"]
[WhiteClock "0:00:09"]
[BlackClock "0:00:08"]
[Board "35"]

1. c4 Nf6 2. g3 c6 3. b3 d5 4. Bb2 Bf5 5. d3 e6 6. Bg2 h6 7. Nf3 Nbd7 8. O-O Be7 9. Nbd2 O-O 10. Re1 Bh7 11. a3 a5 12. Qc2 Qb6 13. Rab1 Rfe8 14. h3 Bf8 15. e4 dxe4 16. dxe4 Rad8 17. Qc3 Nc5 18. Ne5 Ncd7 19. Nd3 e5 20. b4 axb4 21. axb4 c5 22. b5 Bd6 23. Nf1 Nf8 24. Qd2 Ne6 25. Bc3 Qc7 26. Qb2 Nd4 27. Ra1 Ra8 28. f3 b6 29. Ne3 Qb7 30. Kf2 Kh8 31. Rxa8 Rxa8 32. Ra1 Rxa1 33. Qxa1 Nxe4+ 34. fxe4 Bxe4 35. Qh1 Bxg2 36. Qxg2 e4 37. Nf4 Qa8 38. Kg1 Qa3 39. Ned5 Qc1+ 40. Kf2 Qc2+ 41. Kf1 Qd1+ 42. Kf2 Bxf4 43. Qxe4 Bg5 44. Bxd4 cxd4 45. h4 Bc1 46. Qe8+ Kh7 47. Qe4+ g6 48. Nf6+ Kg7 49. Qe5 Be3+ 50. Kg2 Qe2+ 51. Kh3 Qf1+ 52. Kh2 Qxf6 53. Qxf6+ Kxf6 54. c5 d3 55. c6 d2 56. c7 d1=Q 57. c8=Q Qg1+ 58. Kh3 Qh1+ 59. Kg4 h5# 0-1


[Site "https://www.chess.com"]

[Event "Titled Tuesday Blitz July 4 Early 2023"]
[White "Fromm, Marius"]
[Black "Chor, Kevin"]
[WhiteFideId "12993190"]
[BlackFideId "2090740"]
[WhiteElo "2694"]
[BlackElo "2499"]
[Result "0-1"]
[Round "10"]
[TimeControl "180+2"]
[Date "2023.07.04"]
[WhiteClock "0:00:06"]
[BlackClock "0:00:09"]
[Board "36"]

1. e4 c5 2. Nf3 Nc6 3. Bb5 Qb6 4. Nc3 e6 5. O-O Nf6 6. Re1 Be7 7. e5 Nd5 8. Bd3 Nf4 9. Be4 O-O 10. d4 cxd4 11. Na4 Qa5 12. Bxf4 Qxa4 13. Qd3 g6 14. a3 b6 15. Nxd4 Qxd4 16. Qxd4 Nxd4 17. Bxa8 Nxc2 18. Be4 Nxa1 19. Rxa1 f5 20. exf6 Bxf6 21. Rb1 d5 22. Bf3 Bb7 23. Bh6 Rd8 24. b4 Kf7 25. Rc1 Rc8 26. Rxc8 Bxc8 27. g3 Bd7 28. h4 Bb2 29. Bd2 Bxa3 30. h5 gxh5 31. Bxh5+ Kf6 32. g4 e5 33. Kg2 d4 34. g5+ Kf5 35. Bf7 Bc6+ 36. Kg3 Ke4 37. Bg8 Kd3 38. Bxh7+ Kxd2 39. g6 Be4 40. f4 Bxb4 41. fxe5 Ke3 42. e6 d3 43. e7 Bxe7 44. g7 Bxh7 45. Kg4 d2 46. Kg3 d1=Q 47. Kh2 Bd6+ 48. Kh3 Bf5+ 49. Kh4 Qg4# 0-1


[Site "https://www.chess.com"]

[Event "Titled Tuesday Blitz July 4 Early 2023"]
[White "Petrosian, Karlen"]
[Black "Begunov, Konstantin"]
[WhiteFideId "4176146"]
[BlackFideId "4118510"]
[WhiteElo "2684"]
[BlackElo "2489"]
[Result "1-0"]
[Round "10"]
[TimeControl "180+2"]
[Date "2023.07.04"]
[WhiteClock "0:00:26"]
[BlackClock "0:00:00"]
[Board "37"]

1. e4 c5 2. c3 Nf6 3. e5 Nd5 4. Nf3 Nc6 5. d4 cxd4 6. cxd4 d6 7. Bc4 Nb6 8. Bb5 d5 9. h3 Bf5 10. Nc3 e6 11. O-O Rc8 12. Bg5 Be7 13. Bxe7 Qxe7 14. a3 a6 15. Be2 O-O 16. Qd2 Na5 17. Nxd5 Nxd5 18. Qxa5 Rc2 19. Rfe1 Rxb2 20. Bc4 Nb6 21. Bf1 Rc8 22. Rac1 Qd8 23. Rc3 Rc2 24. Rxc8 Rxc8 25. g4 Bg6 26. Bg2 h6 27. Nh4 Qxh4 28. Qxb6 Rc2 29. d5 exd5 30. Bxd5 Kh7 31. Qe3 b5 32. Be4 Rc7 33. Bxg6+ fxg6 34. e6 Re7 35. Kg2 Qf6 36. Qe4 a5 37. Re3 b4 38. axb4 axb4 39. Qc4 Qb2 40. Kg3 1-0


[Site "https://www.chess.com"]

[Event "Titled Tuesday Blitz July 4 Early 2023"]
[White "Koellner, Ruben Gideon"]
[Black "Kukreja Sankalp"]
[WhiteFideId "12993093"]
[BlackFideId "45027676"]
[WhiteElo "2664"]
[BlackElo "2446"]
[Result "1-0"]
[Round "10"]
[TimeControl "180+2"]
[Date "2023.07.04"]
[WhiteClock "0:01:32"]
[BlackClock "0:00:00"]
[Board "38"]

1. d4 d5 2. Nf3 Nf6 3. Nbd2 Bf5 4. e3 e6 5. Ne5 Bd6 6. g4 Be4 7. f3 Bg6 8. h4 h5 9. Nxg6 fxg6 10. g5 Bg3+ 11. Ke2 Nfd7 12. f4 c5 13. c3 O-O 14. Nf3 Nc6 15. Rh3 Bxf4 16. exf4 Qe7 17. Kf2 Qd6 18. Bd3 Ne7 19. Be3 e5 20. dxe5 Qe6 21. Kg2 c4 22. Bc2 Nf5 23. Qe2 Rae8 24. Nd4 Nxd4 25. cxd4 Qb6 26. Re1 Kh7 27. Qxh5+ 1-0


[Site "https://www.chess.com"]

[Event "Titled Tuesday Blitz July 4 Early 2023"]
[White "Mindhunter08"]
[Black "Tan, Jun Ying"]
[BlackFideId "5710413"]
[WhiteElo "2360"]
[BlackElo "2652"]
[Result "1/2-1/2"]
[Round "10"]
[TimeControl "180+2"]
[Date "2023.07.04"]
[WhiteClock "0:00:13"]
[BlackClock "0:00:08"]
[Board "39"]

1. e4 c5 2. Nf3 Nc6 3. Bb5 d6 4. O-O Bd7 5. Re1 Nf6 6. h3 e6 7. c3 Ne5 8. Bxd7+ Qxd7 9. d4 Nxf3+ 10. Qxf3 cxd4 11. cxd4 d5 12. e5 Ng8 13. Bg5 Ne7 14. Nc3 Nc6 15. Qd3 Be7 16. Bxe7 Qxe7 17. a3 a6 18. b4 O-O 19. Na4 f6 20. exf6 Qxf6 21. Ra2 Nxd4 22. Nc5 Rf7 23. Rd2 e5 24. Qg3 e4 25. Red1 Nf5 26. Qf4 Ne7 27. Qxf6 Rxf6 28. Nxb7 Rc8 29. Nc5 a5 30. Ra2 Rb6 31. Nb3 axb4 32. a4 Rc3 33. Nd4 b3 34. Rb2 Rb4 35. a5 Rd3 36. Rxd3 exd3 37. Nf3 Nc6 38. a6 Rb6 39. Nd2 Nd4 40. a7 Ra6 41. Nxb3 Ne2+ 42. Kh2 Rxa7 43. Nc5 Ra3 44. Nxd3 Rxd3 45. Rxe2 Kf7 46. f3 Kf6 47. Kg3 Ra3 48. Kf4 Ra4+ 49. Ke3 Ra6 50. Rd2 Rd6 51. Kf4 g5+ 52. Kg4 Kg6 53. Kg3 h5 54. Kf2 Kf5 55. Ke3 Ke5 56. Kd3 d4 57. g3 Rf6 58. Re2+ Kd5 59. Rf2 Re6 60. Kd2 Kc4 61. f4 gxf4 62. gxf4 Ra6 63. f5 Ra2+ 64. Ke1 Rxf2 65. Kxf2 Kc3 66. f6 d3 67. f7 d2 68. f8=Q d1=Q 69. Qc5+ Kb3 70. Qb5+ Kc3 71. Qa5+ Kc4 72. Qc7+ Kb5 73. Qb7+ Kc5 74. Qc7+ Kb4 75. Qb6+ Kc4 76. Qa6+ Kc5 77. Qa5+ Kc6 78. Qa6+ Kd7 79. Qb7+ Ke6 80. Qe4+ Kf6 81. Qf4+ Kg6 82. h4 Qc2+ 83. Kg3 Qd3+ 84. Kf2 Qc2+ 85. Kf3 Qb3+ 86. Kf2 Qa2+ 87. Kg3 Qb3+ 88. Kf2 Qb6+ 89. Kg3 Qb3+ 90. Kf2 1/2-1/2


[Site "https://www.chess.com"]

[Event "Titled Tuesday Blitz July 4 Early 2023"]
[White "Souleidis, Georgios"]
[Black "Zhigalko, Sergei"]
[WhiteFideId "4206827"]
[BlackFideId "13502956"]
[WhiteElo "2643"]
[BlackElo "2879"]
[Result "0-1"]
[Round "10"]
[TimeControl "180+2"]
[Date "2023.07.04"]
[WhiteClock "0:00:00"]
[BlackClock "0:00:05"]
[Board "40"]

1. e4 c5 2. Nf3 Nc6 3. Bc4 Nf6 4. e5 d5 5. Bb5 Nd7 6. Bxc6 bxc6 7. d3 g6 8. O-O Bg7 9. Re1 Nf8 10. h3 h6 11. c4 Ne6 12. Nc3 O-O 13. b3 f5 14. Ba3 g5 15. Na4 g4 16. hxg4 fxg4 17. Nh4 Nf4 18. Bxc5 Qe8 19. g3 Nh3+ 20. Kg2 Qh5 21. e6 d4 22. Re2 Bxe6 23. Bxe7 Rf7 24. Bd6 Bd5+ 25. cxd5 Qxd5+ 26. Kh2 Qxd6 27. Qd2 Raf8 28. Rf1 Be5 29. Nb2 Bxg3+ 30. fxg3 Rxf1 31. Rg2 R1f2 32. Qd1 Rxg2+ 33. Kxg2 Qd5+ 0-1


[Site "https://www.chess.com"]

[Event "Titled Tuesday Blitz July 4 Early 2023"]
[White "Soham Kamotra"]
[Black "Gunina, Valentina"]
[WhiteFideId "46647490"]
[BlackFideId "4167570"]
[WhiteElo "2637"]
[BlackElo "2752"]
[Result "0-1"]
[Round "10"]
[TimeControl "180+2"]
[Date "2023.07.04"]
[WhiteClock "0:00:03"]
[BlackClock "0:00:43"]
[Board "41"]

1. d4 d5 2. Nc3 Nf6 3. Bf4 c5 4. e4 cxd4 5. Qxd4 Nc6 6. Bb5 e6 7. exd5 exd5 8. O-O-O Be7 9. Nxd5 Qxd5 10. Qxd5 Nxd5 11. Rxd5 Be6 12. Rd2 Rc8 13. Kb1 O-O 14. Nf3 Nb4 15. a3 Nd5 16. Bg3 Nb6 17. Re1 Bf6 18. Be5 Bxe5 19. Nxe5 Rfd8 20. Rxd8+ Rxd8 21. Bd3 h5 22. Kc1 Rc8 23. Kd2 Rc7 24. b3 Rc5 25. c4 a5 26. Kc3 Rc7 27. g3 a4 28. b4 f6 29. Ng6 Bxc4 30. Re7 Nd5+ 31. Kd4 Nxe7 32. Bxc4+ Rxc4+ 33. Kxc4 Nxg6 0-1


[Site "https://www.chess.com"]

[Event "Titled Tuesday Blitz July 4 Early 2023"]
[White "Materia, Marco"]
[Black "Samunenkov, Ihor"]
[WhiteFideId "45150451"]
[BlackFideId "14187086"]
[WhiteElo "2625"]
[BlackElo "2748"]
[Result "1/2-1/2"]
[Round "10"]
[TimeControl "180+2"]
[Date "2023.07.04"]
[WhiteClock "0:00:53"]
[BlackClock "0:00:05"]
[Board "42"]

1. d4 Nf6 2. c4 e6 3. Nf3 b6 4. a3 Bb7 5. Nc3 Ne4 6. Qc2 Nxc3 7. Qxc3 Be7 8. Bf4 O-O 9. e3 Bd6 10. Bg3 Nc6 11. Bd3 a5 12. O-O Bxg3 13. hxg3 d6 14. d5 Nb8 15. e4 e5 16. b4 Nd7 17. Bc2 Qe7 18. Rfc1 Ra7 19. Ne1 Rfa8 20. Nd3 Nf6 21. f3 Nd7 22. c5 dxc5 23. bxc5 Nxc5 24. Nxc5 bxc5 25. Bd3 Qg5 26. Kf2 h5 27. Qxc5 Ba6 28. Bxa6 Rxa6 29. Qe3 Qe7 30. Rc3 h4 31. gxh4 Qxh4+ 32. Kf1 Rb6 33. Rac1 Rab8 34. Qf2 Qh1+ 35. Qg1 Qh6 36. Qe3 Qh1+ 37. Qg1 Qh6 38. Qe3 Qh1+ 39. Qg1 1/2-1/2


[Site "https://www.chess.com"]

[Event "Titled Tuesday Blitz July 4 Early 2023"]
[White "Gavrilov, Maxim"]
[Black "Weetik, Vjacheslav"]
[WhiteFideId "24271454"]
[BlackFideId "4153472"]
[WhiteElo "2587"]
[BlackElo "2741"]
[Result "0-1"]
[Round "10"]
[TimeControl "180+2"]
[Date "2023.07.04"]
[WhiteClock "0:00:04"]
[BlackClock "0:00:13"]
[Board "43"]

1. d4 Nf6 2. c4 g6 3. Nf3 Bg7 4. g3 d6 5. Bg2 O-O 6. O-O Nc6 7. Nc3 e5 8. dxe5 Nxe5 9. Nxe5 dxe5 10. Bg5 Be6 11. Qxd8 Raxd8 12. Nd5 Bxd5 13. cxd5 Rd7 14. Rfd1 h6 15. Bxf6 Bxf6 16. Rac1 Be7 17. Rc4 Bd6 18. e4 f5 19. a4 a5 20. f3 b6 21. Kf1 Bc5 22. Ke2 Kg7 23. Rf1 Rfd8 24. f4 exf4 25. gxf4 c6 26. Rc2 cxd5 27. exd5 Re7+ 28. Kd1 Kf6 29. Re2 Rxe2 30. Kxe2 Re8+ 31. Kd3 Re3+ 32. Kd2 g5 33. fxg5+ hxg5 34. Re1 Rxe1 35. Kxe1 Ke5 36. Ke2 Bd6 37. h3 Kf4 38. Bf3 Kg3 39. Bh5 Kxh3 40. Bg6 Kg4 41. Kf2 Kf4 42. b3 g4 43. Kg2 Kg5 44. Bf7 f4 45. Be6 f3+ 46. Kf2 Kf4 47. Kf1 g3 48. Bh3 Bc5 0-1


[Site "https://www.chess.com"]

[Event "Titled Tuesday Blitz July 4 Early 2023"]
[White "Arat, Ufuk Sezen"]
[Black "Wagner, Dennis"]
[WhiteFideId "6309089"]
[BlackFideId "24650684"]
[WhiteElo "2587"]
[BlackElo "2724"]
[Result "0-1"]
[Round "10"]
[TimeControl "180+2"]
[Date "2023.07.04"]
[WhiteClock "0:00:12"]
[BlackClock "0:00:26"]
[Board "44"]

1. e4 c5 2. Nf3 d6 3. d4 cxd4 4. Nxd4 Nf6 5. Nc3 a6 6. Be3 e5 7. Nf3 Be7 8. Bc4 O-O 9. O-O Nc6 10. Qe2 b5 11. Bd5 Nxd5 12. Nxd5 Be6 13. Rad1 Rc8 14. c3 Kh8 15. a4 Rb8 16. axb5 axb5 17. Ra1 f5 18. Nxe7 Qxe7 19. exf5 Bxf5 20. Ra6 Qd7 21. Nd2 d5 22. Bc5 Rfe8 23. Nf3 Bg4 24. Qe3 b4 25. cxb4 d4 26. Qe4 Bxf3 27. Qxf3 e4 28. Qa3 d3 29. Qa4 Rec8 30. b5 Ne5 31. Be3 Nc4 32. Rc6 d2 33. Rxc8+ Rxc8 34. Qc2 Nxe3 35. Qxc8+ Qxc8 36. fxe3 Qc1 37. b6 0-1


[Site "https://www.chess.com"]

[Event "Titled Tuesday Blitz July 4 Early 2023"]
[White "Pasti, Aron"]
[Black "Cherniaiev, Tykhon"]
[WhiteFideId "785857"]
[BlackFideId "14182360"]
[WhiteElo "2578"]
[BlackElo "2695"]
[Result "0-1"]
[Round "10"]
[TimeControl "180+2"]
[Date "2023.07.04"]
[WhiteClock "0:00:00"]
[BlackClock "0:00:03"]
[Board "45"]

1. e4 e5 2. Nf3 Nc6 3. Bb5 Nge7 4. Nc3 a6 5. Bxc6 Nxc6 6. Nd5 d6 7. d4 Bg4 8. c3 Be7 9. Ne3 Bxf3 10. Qxf3 exd4 11. Nf5 Bf6 12. O-O O-O 13. Qg3 Kh8 14. Rd1 dxc3 15. bxc3 Qe8 16. Bg5 Bxg5 17. Qxg5 Qe5 18. Rac1 g6 19. Rd5 Qe6 20. Ng3 f6 21. Qh6 Ne5 22. h3 c6 23. Rd2 Rad8 24. f4 Nc4 25. f5 Qf7 26. Rd4 Ne5 27. Rcd1 d5 28. exd5 c5 29. fxg6 Qxg6 30. Rh4 Qxh6 31. Rxh6 Rg8 32. Ne4 f5 33. Nf6 Rg7 34. d6 Nf7 35. Rh5 Rxd6 36. Nd5 f4 37. Rf5 h6 38. c4 Ng5 0-1


[Site "https://www.chess.com"]

[Event "Titled Tuesday Blitz July 4 Early 2023"]
[White "Leebit02"]
[Black "Quintiliano Pinto, Renato R."]
[BlackFideId "2117568"]
[WhiteElo "2575"]
[BlackElo "2695"]
[Result "0-1"]
[Round "10"]
[TimeControl "180+2"]
[Date "2023.07.04"]
[WhiteClock "0:00:03"]
[BlackClock "0:00:15"]
[Board "46"]

1. e4 e5 2. Nf3 Nc6 3. d4 exd4 4. Nxd4 Bc5 5. Nb3 Bb6 6. Nc3 Nge7 7. Bg5 f6 8. Bh4 O-O 9. a4 a5 10. Qd2 d6 11. O-O-O Be6 12. Nd5 Ba7 13. f4 Bf7 14. Bc4 Nxd5 15. Bxd5 Bb6 16. Rhe1 Qe8 17. Bf2 Bxf2 18. Qxf2 Nb4 19. Bxf7+ Rxf7 20. Qd4 Qxa4 21. e5 fxe5 22. fxe5 Rf4 23. Qe3 Rc4 24. Re2 Re8 25. e6 h6 26. e7 Kh8 27. Rd4 Rxd4 28. Qxd4 Qd7 29. Nxa5 c5 30. Qe4 d5 31. Qe6 Qa4 32. Nxb7 Qa1+ 33. Kd2 Qxb2 34. Nd8 Qxc2+ 35. Ke3 Qc3+ 36. Kf2 Nd3+ 37. Kg3 Ne5+ 38. Kh4 Qd4+ 39. g4 Nc4 40. Nf7+ Kh7 41. Qf5+ Kg8 42. Nd6 Nxd6 43. Qe6+ Nf7 44. Kh5 Qf6 45. Qxf6 gxf6 46. Kg6 Ne5+ 47. Kxf6 Nxg4+ 48. Ke6 Kg7 49. Kd7 Nf6+ 50. Ke6 Ng8 51. Rg2+ Kh7 52. Kxd5 Rxe7 53. Kxc5 Rg7 54. Rf2 Rg5+ 55. Kd4 Kg6 56. Ke3 Nf6 57. Kf3 Rf5+ 58. Kg2 Rxf2+ 59. Kxf2 Kg5 60. Kg2 Kh4 61. Kg1 Nh5 62. Kh1 Kh3 63. Kg1 Nf6 64. Kh1 Ng4 65. Kg1 h5 66. Kh1 Nxh2 67. Kg1 Ng4 68. Kh1 Kg3 69. Kg1 h4 70. Kh1 h3 71. Kg1 Nf2 0-1


[Site "https://www.chess.com"]

[Event "Titled Tuesday Blitz July 4 Early 2023"]
[White "Ambartsumova, Karina"]
[Black "Williams, Simon K"]
[WhiteFideId "4166299"]
[BlackFideId "404454"]
[WhiteElo "2570"]
[BlackElo "2687"]
[Result "0-1"]
[Round "10"]
[TimeControl "180+2"]
[Date "2023.07.04"]
[WhiteClock "0:00:18"]
[BlackClock "0:01:40"]
[Board "47"]

1. c4 f5 2. d4 e6 3. Nf3 Nf6 4. g3 Be7 5. Bg2 O-O 6. O-O d6 7. Nc3 a5 8. Qc2 Nc6 9. a3 e5 10. d5 Nb8 11. e4 fxe4 12. Nxe4 Nxe4 13. Qxe4 Bf5 14. Qe2 Nd7 15. Be3 a4 16. h3 b6 17. Nd2 Nc5 18. Rfd1 Qe8 19. Kh2 Qg6 20. Bxc5 bxc5 21. Be4 Rab8 22. Bxf5 Qxf5 23. Ne4 h5 24. Rd2 h4 25. Qg4 hxg3+ 26. fxg3 Qxg4 27. hxg4 Rb3 28. Nc3 Bg5 29. Rg2 Be3 30. Nxa4 Rf6 31. Nc3 Rh6# 0-1


[Site "https://www.chess.com"]